 Dungeon Crawl Stone Soup version 0.24-a0-251-g44e327e (webtiles) character file.

Game seed: 10184950955923251435

7413 Hasart the Slicer (level 11, -5/67 HPs)
             Began as a Kobold Gladiator on Apr 16, 2019.
             Was a Believer of Wu Jian.
             Slain by a swamp dragon (17 damage)
             ... on level 10 of the Dungeon on Apr 17, 2019.
             The game lasted 00:30:13 (10800 turns).

Hasart the Slicer (Kobold Gladiator)               Turns: 10800, Time: 00:30:14

Health: -5/67      AC:  9    Str: 14    XL:     11   Next: 36%
Magic:  15/15      EV: 22    Int:  9    God:    Wu Jian [**....]
Gold:   285        SH:  2    Dex: 24    Spells: 10/10 levels left

rFire    . . .     SeeInvis +   E - +5 scimitar
rCold    . . .     Gourm    .   (shield restricted)
rNeg     . . .     Faith    .   b - +0 leather armour
rPois    .         Spirit   .   c - +0 helmet
rElec    .         Reflect  +   H - +0 cloak
rCorr    .         Harm     .   I - +0 pair of gloves
MR       .....                  n - +1 pair of boots
Stlth    ++++......             A - +2 amulet of reflection
HPRegen  0.21/turn              G - +6 ring of dexterity
MPRegen  0.14/turn              F - ring of see invisible

@: flying, hasted, very quick
A: small, carnivore
a: Wall Jump, Renounce Religion


You were on level 10 of the Dungeon.
You worshipped Wu Jian.
Wu Jian was pleased with you.
You were completely stuffed.

You visited 2 branches of the dungeon, and saw 11 of its levels.

You collected 318 gold pieces.
You spent 33 gold pieces at shops.

Inventory:

Hand Weapons
 a - a +0 rapier
 E - a +5 scimitar (weapon)
 N - a +3 antimagic dagger
Missiles
 d - 3 throwing nets (quivered)
Armour
 b - a +0 leather armour (worn)
 c - a +0 helmet (worn)
 n - a +1 pair of boots (worn)
 H - a +0 cloak (worn)
 I - a +0 pair of gloves (worn)
Jewellery
 e - an uncursed ring of protection from magic
 A - a +2 amulet of reflection (around neck)
 C - a +3 ring of strength
 F - a ring of see invisible (right hand)
 G - a +6 ring of dexterity (left hand)
Wands
 g - a wand of random effects (30)
 u - a wand of flame (25)
 J - a wand of scattershot (4)
Scrolls
 h - 4 scrolls of remove curse
 j - 15 scrolls of identify {unknown}
 o - 2 scrolls of fog
 p - 3 scrolls of magic mapping {unknown}
 q - a scroll of fear
 r - a scroll of amnesia
 w - 2 scrolls of immolation {unknown}
 x - a scroll of blinking {unknown}
 y - 2 scrolls of teleportation {unknown}
 K - a scroll of enchant weapon {unknown}
Potions
 i - 4 potions of curing
 k - a potion of cancellation
 m - 2 potions of flight
 s - 3 potions of brilliance
 t - a potion of heal wounds
 z - a potion of invisibility {unknown}
 B - a potion of might {unknown}
 D - a potion of ambrosia {unknown}
 L - a potion of resistance {unknown}
Comestibles
 f - 20 rations
 M - a chunk of flesh


   Skills:
 + Level 7.1 Fighting
 * Level 12.1(12.4) Short Blades
 + Level 2.7(5.7) Long Blades
 - Level 2.1 Throwing
 + Level 5.2 Armour
 + Level 8.4 Dodging
 + Level 9.0 Stealth
 + Level 6.5 Evocations


You had 10 spell levels left.
You didn't know any spells.
Your spell library contained the following spells:

 Spells                   Type           Power        Failure   Level  Hunger
 Corona                   Hex            #......      45%         1    ##.....
 Freeze                   Ice            #...         45%         1    ##.....
 Magic Dart               Conj           #...         45%         1    ##.....
 Searing Ray              Conj           #.....       58%         2    ###....
 Slow                     Hex            #.......     58%         2    ###....
 Throw Frost              Conj/Ice       #.....       58%         2    ###....
 Dazzling Spray           Conj/Hex       #.....       83%         3    ####...
 Inner Flame              Hex/Fire       #.......     83%         3    ####...
 Ozocubu's Armour         Chrm/Ice       #.......     83%         3    ####...
 Portal Projectile        Hex/Tloc       #.....       83%         3    ####...
 Cause Fear               Hex            #.........   99%         4    #####..
 Force Lance              Conj/Tloc      #.......     99%         4    #####..
 Fulminant Prism          Conj/Hex       #.........   99%         4    #####..
 Iskenderun's Mystic Bla  Conj           #.......     99%         4    #####..
 Leda's Liquefaction      Hex/Erth       #.........   99%         4    #####..
 Summon Ice Beast         Ice/Summ       #.......     99%         4    #####..
 Throw Icicle             Conj/Ice       #.......     99%         4    #####..


Dungeon Overview and Level Annotations

Branches:
Dungeon (10/15)            Temple (1/1) D:6
   Lair: D:8-11         Orc: D:9-12

Altars:
Cheibriados
Makhleb
Qazlal
Sif Muna
Trog
Uskayaw
Vehumet
Wu Jian
Zin

Shops:
D:4 *?


Innate Abilities, Weirdness & Mutations

You are small and have problems with some larger weapons.
You are carnivorous and can eat meat at any time.


Message History

It was a potion of haste.
You feel yourself speed up. The swamp dragon bites you!
The swamp dragon misses you. The swamp dragon tramples you.
You are shoved backwards!
Unknown command.
You hit the swamp dragon but do no damage.
The swamp dragon is heavily wounded.
The swamp dragon bites you!
* * * LOW HITPOINT WARNING * * *
You block the swamp dragon's attack. The swamp dragon completely misses you.
You hit the swamp dragon.
The swamp dragon is heavily wounded.
You slash the swamp dragon!
The swamp dragon is severely wounded.
The swamp dragon barely misses you.
You riposte.
You slash the swamp dragon!
The swamp dragon is almost dead.
The swamp dragon completely misses you. x2
You completely miss the swamp dragon.
The swamp dragon is almost dead.
The swamp dragon bites you!
You die...

+.#/$..$#§§§CZO#
#.##....#§####p.Y#
#..##$[.§§# .
#...###...# #.......##
.#####+#########'#####
...........#.#.#u#...#
######.##.#...#D#..##
#.##.#....@....#
#.##.###....####
#.##))...#.....+
##.##(#...#.....#
#..##(##..#...###
#.###.#...#.#... ##.#
#.#.#.#.#.#.# #>.#
#.#####+##### #.## #.(


You could see a swamp dragon and a brown ugly thing.

Vanquished Creatures
  Harold (D:7)
  A two-headed ogre (D:9)
  Pikel (D:6)
  Grinder (D:5)
  2 hippogriffs
  A human (D:7)
  A yak (D:7)
  3 hogs (D:7)
  3 ice beasts
  An orc warrior (D:8)
  A slave (D:6)
  An eye of draining (D:9)
  2 sky beasts
  A black bear (D:6)
  A phantom (D:8)
  5 ogres
  2 necrophages
  4 centaurs
  3 big kobolds
  A gnoll sergeant (D:8)
  Blork the orc (D:4)
  6 bullfrogs
  3 scorpions
  4 killer bees
  3 howler monkeys (D:10)
  A jelly (D:6)
  2 crimson imps
  A centaur zombie (D:10)
  2 bullfrog skeletons
  2 orc wizards
  3 orc priests
  A centaur skeleton (D:6)
  8 hounds
  3 iguanas
  Ijyb (D:4)
  Natasha (thrice) (D:4)
  11 worker ants
  Robin (D:3)
  7 gnolls
  A river rat (D:3)
  15 adders
  2 shadow imps (D:5)
  An ooze (D:4)
  An adder skeleton (D:4)
  An adder zombie (D:7)
  4 worms
  5 dart slugs
  3 leopard geckos (D:4)
  25 orcs
  10 giant cockroaches
  23 goblins
  11 hobgoblins
  15 jackals
  18 kobolds
  3 quokkas
  A ball python (D:3)
  2 ball python skeletons
  8 bats
  5 frilled lizards
  A jackal skeleton (D:4)
  A leopard gecko skeleton (D:8)
  A quokka skeleton (D:5)
  9 rats
265 creatures vanquished.

Vanquished Creatures (others)
  A slave (D:6)
  A bullfrog (D:6)
  A wight (D:6)
  A bullfrog zombie (D:6)
  An adder (D:6)
5 creatures vanquished.

Grand Total: 270 creatures vanquished

Notes
Turn   | Place    | Note
-------+----------+-------------------------------------------
     0 | D:1      | Hasart the Kobold Gladiator began the quest for the Orb.
     0 | D:1      | Reached XP level 1. HP: 12/12 MP: 1/1
   147 | D:1      | Reached XP level 2. HP: 18/18 MP: 2/2
   205 | D:1      | You fall through a shaft!
   224 | D:2      | Reached skill level 1 in Stealth
   224 | D:2      | Reached XP level 3. HP: 18/22 MP: 3/3
   575 | D:2      | Reached XP level 4. HP: 17/27 MP: 4/4
   576 | D:2      | Reached skill level 1 in Armour
   592 | D:2      | Reached skill level 5 in Short Blades
  1600 | D:2      | Reached XP level 5. HP: 32/32 MP: 5/5
  2250 | D:3      | Reached XP level 6. HP: 19/37 MP: 6/6
  2261 | D:3      | Reached skill level 6 in Short Blades
  3119 | D:3      | Noticed Robin
  3157 | D:3      | Killed Robin
  3351 | D:4      | Found Muhyjou's Lightly-Used Armoury.
  3370 | D:4      | Noticed an ogre
  3385 | D:4      | Killed an ogre
  3385 | D:4      | Reached XP level 7. HP: 31/41 MP: 7/7
  3400 | D:4      | Noticed Ijyb
  3443 | D:4      | Killed Ijyb
  3446 | D:4      | Reached skill level 5 in Dodging
  3670 | D:4      | Reached skill level 7 in Short Blades
  3949 | D:4      | Reached skill level 1 in Evocations
  4035 | D:4      | Noticed Blork the orc
  4047 | D:4      | Killed Blork the orc
  4137 | D:4      | Noticed Natasha
  4187 | D:4      | Killed Natasha
  4243 | D:4      | Noticed Natasha
  4268 | D:4      | Killed Natasha
  4361 | D:4      | Noticed Natasha
  4369 | D:4      | Killed Natasha
  4369 | D:4      | Reached XP level 8. HP: 46/48 MP: 9/9
  4582 | D:4      | Found Girror's Magic Scroll Shop.
  4592 | D:4      | Bought a scroll of remove curse for 33 gold pieces
  4598 | D:5      | Entered Level 5 of the Dungeon
  5039 | D:5      | Noticed Grinder
  5069 | D:5      | Killed Grinder
  5069 | D:5      | Reached skill level 8 in Short Blades
  5069 | D:5      | Reached skill level 5 in Stealth
  5654 | D:6      | Reached XP level 9. HP: 53/53 MP: 11/11
  5753 | D:6      | Reached skill level 5 in Fighting
  5753 | D:6      | Reached skill level 9 in Short Blades
  5936 | D:6      | Noticed Pikel
  6061 | D:6      | Killed Pikel
  6686 | D:6      | Found a staircase to the Ecumenical Temple.
  6695 | Temple   | Entered the Ecumenical Temple
  6721 | Temple   | Became a worshipper of the Wu Jian Council
  7004 | D:7      | Noticed Harold
  7033 | D:6      | Reached skill level 10 in Short Blades
  7475 | D:7      | Reached XP level 10. HP: 51/60 MP: 13/13
  7699 | D:7      | Reached skill level 1 in Long Blades
  7699 | D:7      | Reached skill level 5 in Evocations
  7914 | D:7      | Killed Harold
  7914 | D:7      | Reached skill level 11 in Short Blades
  8406 | D:8      | Reached * piety under Wu Jian
  9402 | D:9      | Reached XP level 11. HP: 66/66 MP: 15/15
  9449 | D:9      | Reached ** piety under Wu Jian
  9710 | D:9      | Noticed a two-headed ogre
  9726 | D:9      | Killed a two-headed ogre
  9726 | D:9      | Reached skill level 5 in Armour
 10141 | D:9      | Found a bloodstained altar of Trog.
 10159 | D:9      | Reached skill level 12 in Short Blades
 10448 | D:9      | Found a deep blue altar of Sif Muna.
 10626 | D:10     | Entered Level 10 of the Dungeon
 10771 | D:10     | Noticed a swamp dragon
 10781 | D:10     | Noticed a brown ugly thing
 10781 | D:10     | Noticed a cyclops
 10782 | D:10     | Noticed a purple ugly thing
 10783 | D:10     | Noticed a death knight
 10800 | D:10     | Slain by a swamp dragon

Levels and vault maps discovered:
D:1:      dpeg_arrival_simpleton_b, layout_basic
D:2:      layout_rooms, minmay_misc_feat_columns
D:3:      layout_loops_ring, gup_sewer_entry_spiral, grunt_ministairs_10,
          uniq_robin
D:4:      layout_basic, serial_shops, shop_statue, minmay_shop_damaged,
          uniq_natasha, uniq_ijyb, uniq_blork_the_orc
D:5:      cheibrodos_barr_body, layout_basic, first_ration, uniq_grinder
D:6:      layout_loops_ring, temple_green, minmay_misc_feat_ornament,
          st_stairs_10, uniq_pikel
D:7:      layout_loops_cross, grunt_livestock, uniq_harold
D:8:      layout_basic
D:9:      layout_stronghold, kennysheep_mini, minmay_fountain_box,
          trog_eyes_of_draining
D:10:     minmay_the_grid_net [minmay_the_grid_outer_circle,
          minmay_the_grid_spikes, minmay_the_grid_box_x, minmay_the_grid_fan,
          minmay_the_grid_dragon_a, minmay_the_grid_prize_four_corners],
          layout_rooms, erik_lair_orcish_takeover, grunt_ministairs_11,
          sword_in_stone
Temple:   regret_index_temple_sigil_plot

Skill      XL: |  1  2  3  4  5  6  7  8  9 10 11 |
---------------+----------------------------------+-----
Stealth        | 1 2 3 4 5 7 8 9 |  9.0
Dodging        | 4 5 6 7 8 |  8.4
Armour         | 1 2 3 4 5 |  5.2
Short Blades   | 5 6 7 8 10 11 12 | 12.1
Fighting       | 3 4 5 6 7 |  7.1
Evocations     | 1 3 4 5 6 |  6.5
Long Blades    | 2 |  2.7
Throwing       | |  2.1

Action                   |  1- 3 |  4- 6 |  7- 9 | 10-12 || total
-------------------------+-------+-------+-------+-------++-------
Melee: Rapier            |    84 |   299 |   381 |       ||   764
       Scimitar          |       |       |    38 |   265 ||   303
Throw: Throwing net      |       |       |     2 |       ||     2
Invok: Lunge             |       |       |     2 |    27 ||    29
       Whirlwind         |       |       |       |     6 ||     6
Evoke: Wand              |       |       |       |     3 ||     3
  Use: Potion            |       |     1 |     4 |     7 ||    12
       Scroll            |       |       |     1 |     6 ||     7
 Stab: Sleeping          |     1 |     3 |    12 |    15 ||    31
       Distracted        |       |     1 |     2 |     1 ||     4
       Held in net/web   |       |       |     1 |       ||     1
  Eat: Chunk             |     4 |    13 |    12 |    12 ||    41
Armor: Leather armour    |    18 |    45 |    53 |    45 ||   161
Dodge: Dodged            |    97 |   187 |   306 |   275 ||   865
Block: Other             |       |       |    17 |    10 ||    27
       Rpst.: Scimitar   |       |       |    18 |    74 ||    92

Table legend:
 A = Non-vault XP
 B = Vault XP
 C = Vault XP percentage of total XP
 D = Non-vault monster count
 E = Vault monster count
 F = Vault count percentage of total count
                 A         B        C        D         E       F
            +---------+---------+-------+---------+---------+-------
      Total |    6509 |    4082 |  38.5 |     211 |      53 |  20.1
            +---------+---------+-------+---------+---------+-------
        D:1 |      42 |       0 |   0.0 |      22 |       0 |   0.0
        D:2 |     109 |       0 |   0.0 |      37 |       0 |   0.0
        D:3 |     124 |     129 |  51.0 |      22 |      24 |  52.2
        D:4 |     487 |     159 |  24.6 |      28 |       3 |   9.7
        D:5 |     189 |     554 |  74.6 |       7 |      11 |  61.1
        D:6 |    1194 |     665 |  35.8 |      23 |       2 |   8.0
        D:7 |     449 |    2009 |  81.7 |      11 |       6 |  35.3
        D:8 |    1622 |       0 |   0.0 |      28 |       0 |   0.0
        D:9 |    1922 |     348 |  15.3 |      22 |       3 |  12.0
       D:10 |     371 |     218 |  37.0 |      11 |       4 |  26.7
            +---------+---------+-------+---------+---------+-------
